PA
SOUTH BEACH BLAZE @ ALAMEDA AIRMEN
06/08/2025
 
TOP OF THE 1ST
South Beach Blaze batting - Pitching for Alameda Airmen : RHP Mal Houser
Pitching: RHP Mal Houser
Batting: RHB Wade Killefer 0-0: SINGLE (Flyball, 7S)
Batting: RHB Steve Irwin 0-0: Called Strike
0-1: Ball
1-1: Foul Ball, location: 2F
1-2: Ball
2-2: Ball
3-2: Foul Ball, location: 2F
3-2: Grounds into double play, 5-4-3 (Groundball, 5)
Batting: RHB Pau Arria 0-0: Ball
1-0: Swinging Strike
1-1: Swinging Strike
1-2: Ball
2-2: Foul Ball, location: 2F
2-2: Foul Ball, location: 2F
2-2: SINGLE (Groundball, 56D)
Batting: SHB Jorge Velázquez 0-0: Ball
1-0: Swinging Strike
1-1: Ball
2-1: Ball
3-1: SINGLE (Groundball, 4MD)
Pau Arria to second
Batting: RHB Dimian Menres 0-0: Foul Ball, location: 2F
0-1: Ball
1-1: Called Strike
1-2: Foul Ball, location: 2F
1-2: Foul Ball, location: 2F
1-2: SINGLE (Line Drive, 6MD)
Pau Arria to third
Jorge Velázquez to second
Runner from 3rd tries for Home, SAFE, no throw
Batting: RHB Raúl Chávez 0-0: Fielders Choice at 2nd, 6-4 (Groundball, 6)
Top of the 1st over - 1 run(s), 4 hit(s), 0 error(s), 1 left on base; South Beach 1 - Alameda 0
BOTTOM OF THE 1ST
Alameda Airmen batting - Pitching for South Beach Blaze : RHP Valentín Rivera
Pitching: RHP Valentín Rivera
Batting: LHB Enrique Vásquez 0-0: Called Strike
0-1: Foul Ball, location: 2F
0-2: Ball
1-2: Fly out, F2 (Popup, 25)
Batting: RHB Bryant Skelly 0-0: Called Strike
0-1: Foul Ball, location: 2F
0-2: Fly out, F7 (Flyball, 78S)
Batting: SHB Joaquín Reyes 0-0: Called Strike
0-1: Called Strike
0-2: Ground out 1-3 (Groundball, 13)
Bottom of the 1st over - 0 run(s), 0 hit(s), 0 error(s), 0 left on base; South Beach 1 - Alameda 0
TOP OF THE 2ND
South Beach Blaze batting - Pitching for Alameda Airmen : RHP Mal Houser
Batting: LHB Michael Lange 0-0: Ball
1-0: Foul Ball, location: 2F
1-1: Ball
2-1: Called Strike
2-2: Fly out, F7 (Flyball, 7S)
Batting: RHB Raúl Moreno 0-0: Ball
1-0: Ball
2-0: Called Strike
2-1: Ball
3-1: Base on Balls
Batting: RHB António Ramírez 0-0: Swinging Strike
0-1: Ball
1-1: Called Strike
1-2: Strikes out swinging
Batting: RHB Wade Killefer 0-0: Called Strike
0-1: Ball
1-1: Ball
2-1: Fielders Choice at 2nd, 6-4 (Groundball, 56)
Top of the 2nd over - 0 run(s), 0 hit(s), 0 error(s), 0 left on base; South Beach 1 - Alameda 0
BOTTOM OF THE 2ND
Alameda Airmen batting - Pitching for South Beach Blaze : RHP Valentín Rivera
Batting: RHB Fernando Trinidad 0-0: Ground out 5-3 (Groundball, 56)
Batting: LHB Jorge Rodríguez 0-0: Ball
1-0: Called Strike
1-1: Ball
2-1: Foul Ball, location: 2F
2-2: SINGLE (Groundball, 34D)
Batting: LHB Armando Carmona 0-0: Fly out, F8 (Flyball, 8LD)
Batting: RHB Javier Marino 0-0: Ground out 5-3 (Groundball, 5S)
Bottom of the 2nd over - 0 run(s), 1 hit(s), 0 error(s), 1 left on base; South Beach 1 - Alameda 0
TOP OF THE 3RD
South Beach Blaze batting - Pitching for Alameda Airmen : RHP Mal Houser
Batting: RHB Steve Irwin 0-0: Ball
1-0: Ball
2-0: Foul Ball, location: 2F
2-1: Foul Ball, location: 2F
2-2: Fly out, F9 (Line Drive, 89M)
Batting: RHB Pau Arria 0-0: Fly out, F8 (Flyball, 8LM)
Batting: SHB Jorge Velázquez 0-0: Ball
1-0: SINGLE (Groundball, 4MD)
Batting: RHB Dimian Menres 0-0: Swinging Strike
0-1: Called Strike
0-2: Strikes out looking
Top of the 3rd over - 0 run(s), 1 hit(s), 0 error(s), 1 left on base; South Beach 1 - Alameda 0
BOTTOM OF THE 3RD
Alameda Airmen batting - Pitching for South Beach Blaze : RHP Valentín Rivera
Batting: RHB Teobaldo Pasquetto 0-0: Swinging Strike
0-1: SINGLE (Flyball, 78S)
Batting: LHB Bob Maher 0-0: Ball
1-0: Called Strike
1-1: SINGLE (Line Drive, 89S)
Teobaldo Pasquetto to second
Batting: LHB Enrique Vásquez 0-0: Ball
1-0: Foul Ball, location: 2F
1-1: Fielders Choice at 2nd, 3-6 (Groundball, 34)
Teobaldo Pasquetto to third
Batting: RHB Bryant Skelly 0-0: Ball
1-0: Called Strike
1-1: Foul Ball, location: 2F
1-2: DOUBLE (Line Drive, 5D)
Teobaldo Pasquetto scores
Enrique Vásquez to third
Batting: SHB Joaquín Reyes 0-0: Foul Ball, location: 2F
0-1: Ball
1-1: Ground out 6-3 (Groundball, 6)
Enrique Vásquez scores
Batting: RHB Fernando Trinidad 0-0: Called Strike
0-1: Ball
1-1: Ball
2-1: Foul Ball, location: 2F
2-2: SINGLE (Groundball, 56D)
Bryant Skelly to third
Runner from 3rd tries for Home, SAFE, no throw
Batting: LHB Jorge Rodríguez 0-0: Ball
1-0: DOUBLE (Line Drive, 78D)
Fernando Trinidad to third
Batting: LHB Armando Carmona 0-0: Swinging Strike
0-1: Foul Ball, location: 2F
0-2: Fly out, F7 (Line Drive, 7LM)
Bottom of the 3rd over - 3 run(s), 5 hit(s), 0 error(s), 2 left on base; South Beach 1 - Alameda 3
TOP OF THE 4TH
South Beach Blaze batting - Pitching for Alameda Airmen : RHP Mal Houser
Batting: RHB Raúl Chávez 0-0: Ball
1-0: Called Strike
1-1: Swinging Strike
1-2: Strikes out looking
Batting: LHB Michael Lange 0-0: Called Strike
0-1: Called Strike
0-2: Ball
1-2: Ball
2-2: Ball
3-2: Base on Balls
Batting: RHB Raúl Moreno 0-0: Swinging Strike
0-1: Ball
1-1: Foul Ball, location: 2F
1-2: Ball
2-2: Grounds into double play, 1-6-3 (Groundball, 13)
Top of the 4th over - 0 run(s), 0 hit(s), 0 error(s), 0 left on base; South Beach 1 - Alameda 3
BOTTOM OF THE 4TH
Alameda Airmen batting - Pitching for South Beach Blaze : RHP Valentín Rivera
Batting: RHB Javier Marino 0-0: Ball
1-0: Called Strike
1-1: Fly out, F3 (Popup, 3L)
Batting: RHB Teobaldo Pasquetto 0-0: Ball
1-0: Fly out, F8 (Flyball, 89M)
Batting: LHB Bob Maher 0-0: Ball
1-0: Called Strike
1-1: Fly out, F3 (Popup, 34S)
Bottom of the 4th over - 0 run(s), 0 hit(s), 0 error(s), 0 left on base; South Beach 1 - Alameda 3
TOP OF THE 5TH
South Beach Blaze batting - Pitching for Alameda Airmen : RHP Mal Houser
Batting: RHB António Ramírez 0-0: Ball
1-0: Foul Ball, location: 2F
1-1: SINGLE (Groundball, 56D)
Batting: RHB Wade Killefer 0-0: Foul Ball, location: 2F
0-1: Foul Ball, location: 2F
0-2: Foul Ball, location: 2F
0-2: SINGLE (Groundball, 56D)
António Ramírez to second
Batting: RHB Steve Irwin 0-0: Called Strike
0-1: Grounds into double play, 5-4-3 (Groundball, 5)
António Ramírez to third
Batting: RHB Pau Arria 0-0: Called Strike
0-1: Fly out, F9 (Flyball, 89M)
Top of the 5th over - 0 run(s), 2 hit(s), 0 error(s), 1 left on base; South Beach 1 - Alameda 3
BOTTOM OF THE 5TH
Alameda Airmen batting - Pitching for South Beach Blaze : RHP Valentín Rivera
Batting: LHB Enrique Vásquez 0-0: Ball
1-0: Ball
2-0: SINGLE (Line Drive, 6MD)
Batting: RHB Bryant Skelly 0-0: Sac Bunt - play at first, batter OUT! 1-3
Enrique Vásquez to second
Batting: SHB Joaquín Reyes 0-0: Intentional Walk
Batting: RHB Fernando Trinidad 0-0: Ball
1-0: Ball
2-0: Ball
3-0: Called Strike
3-1: SINGLE (Flyball, 8RS)
Enrique Vásquez to third
Joaquín Reyes to second
Runner from 3rd tries for Home, SAFE, no throw
Batting: LHB Jorge Rodríguez 0-0: Called Strike
0-1: Ball
1-1: Swinging Strike
1-2: Strikes out swinging
Batting: LHB Armando Carmona 0-0: Ground out U3 (Groundball, 3)
Bottom of the 5th over - 1 run(s), 2 hit(s), 0 error(s), 2 left on base; South Beach 1 - Alameda 4
TOP OF THE 6TH
South Beach Blaze batting - Pitching for Alameda Airmen : RHP Mal Houser
Batting: SHB Jorge Velázquez 0-0: Ball
1-0: Foul Ball, location: 2F
1-1: SINGLE (Groundball, 4D)
Batting: RHB Dimian Menres 0-0: Called Strike
0-1: Called Strike
0-2: Ball
1-2: Strikes out looking
Batting: RHB Raúl Chávez 0-0: Ball
Jorge Velázquez is caught stealing 2nd base
1-0: Called Strike
1-1: Ball
2-1: Foul Ball, location: 2F
2-2: Strikes out looking
Top of the 6th over - 0 run(s), 1 hit(s), 0 error(s), 0 left on base; South Beach 1 - Alameda 4
BOTTOM OF THE 6TH
Alameda Airmen batting - Pitching for South Beach Blaze : RHP Valentín Rivera
Batting: RHB Javier Marino 0-0: Called Strike
0-1: Ball
1-1: Ball
2-1: Ball
3-1: Base on Balls
Batting: RHB Teobaldo Pasquetto 0-0: Sac Bunt - play at first, batter OUT! 1-3
Javier Marino to second
Batting: LHB Bob Maher 0-0: Swinging Strike
0-1: Swinging Strike
0-2: Strikes out swinging
Batting: LHB Enrique Vásquez 0-0: Fly out, F8 (Flyball, 8LM)
Bottom of the 6th over - 0 run(s), 0 hit(s), 0 error(s), 1 left on base; South Beach 1 - Alameda 4
TOP OF THE 7TH
South Beach Blaze batting - Pitching for Alameda Airmen : RHP Mal Houser
Pitching: LHP Carlos Rivera
Batting: LHB Michael Lange 0-0: Called Strike
0-1: Ball
1-1: Ball
2-1: Foul Ball, location: 2F
2-2: Strikes out swinging
Pitching: RHP Alex Ratledge
Batting: RHB Raúl Moreno 0-0: Swinging Strike
0-1: Fly out, F8 (Flyball, 8LM)
Batting: RHB António Ramírez 0-0: Fly out, F9 (Flyball, 9)
Top of the 7th over - 0 run(s), 0 hit(s), 0 error(s), 0 left on base; South Beach 1 - Alameda 4
BOTTOM OF THE 7TH
Alameda Airmen batting - Pitching for South Beach Blaze : RHP Valentín Rivera
Batting: RHB Bryant Skelly 0-0: Ground out 6-3 (Groundball, 6S)
Batting: SHB Joaquín Reyes 0-0: Ball
1-0: Ball
2-0: Ball
3-0: Called Strike
3-1: Base on Balls
Batting: RHB Fernando Trinidad 0-0: Ball
1-0: Called Strike
1-1: Swinging Strike
1-2: Ball
2-2: Strikes out swinging
Batting: LHB Jorge Rodríguez 0-0: Foul Ball, location: 2F
0-1: Ground out 5-3 (Groundball, 56S)
Bottom of the 7th over - 0 run(s), 0 hit(s), 0 error(s), 1 left on base; South Beach 1 - Alameda 4
TOP OF THE 8TH
South Beach Blaze batting - Pitching for Alameda Airmen : RHP Alex Ratledge
Now at C: Juan Costello
Batting: RHB Wade Killefer 0-0: Ground out 5-3 (Groundball, 56)
Batting: RHB Steve Irwin 0-0: Ball
1-0: Foul Ball, location: 2F
1-1: Fly out, F8 (Flyball, 8LS)
Batting: RHB Pau Arria 0-0: Ball
1-0: Ball
2-0: Ball
3-0: Base on Balls
Pitching: RHP Brent Lockhart
Batting: SHB Jorge Velázquez 0-0: Ball
1-0: Called Strike
1-1: SINGLE (Flyball, 9S)
Pau Arria to second
Runner from 2nd tries for 3rd, SAFE, throw made to third
Batting: RHB Dimian Menres 0-0: Ball
1-0: Called Strike
1-1: Fielders Choice at 2nd, 5-4 (Groundball, 56)
Top of the 8th over - 0 run(s), 1 hit(s), 0 error(s), 1 left on base; South Beach 1 - Alameda 4
BOTTOM OF THE 8TH
Alameda Airmen batting - Pitching for South Beach Blaze : RHP Valentín Rivera
Batting: LHB Armando Carmona 0-0: Ball
1-0: Ball
2-0: Called Strike
2-1: Ball
3-1: Swinging Strike
3-2: Foul Ball, location: 2F
3-2: Ground out 3-1 (Groundball, 34)
Batting: RHB Javier Marino 0-0: Ground out 6-3 (Groundball, 6)
Batting: RHB Teobaldo Pasquetto 0-0: Foul Ball, location: 2F
0-1: Swinging Strike
0-2: Strikes out swinging
Bottom of the 8th over - 0 run(s), 0 hit(s), 0 error(s), 0 left on base; South Beach 1 - Alameda 4
TOP OF THE 9TH
South Beach Blaze batting - Pitching for Alameda Airmen : RHP Brent Lockhart
Pitching: LHP Billy Mays
Batting: RHB Raúl Chávez 0-0: Called Strike
0-1: Foul Ball, location: 2F
0-2: Fly out, F6 (Line Drive, 6)
Batting: LHB Michael Lange 0-0: Ball
1-0: Ball
2-0: Foul Ball, location: 2F
2-1: Called Strike
2-2: Strikes out looking
Batting: RHB Raúl Moreno 0-0: Ball
1-0: Ball
2-0: Ball
3-0: Base on Balls
Batting: RHB António Ramírez 0-0: Ball
1-0: DOUBLE (Flyball, 7D)
Raúl Moreno to third
Runner from 3rd tries for Home, SAFE, throw made at trailing runner, SAFE at third!
Batting: RHB Wade Killefer 0-0: Ball
1-0: Ball
2-0: Ball
3-0: Base on Balls
Pinch Hitting: RHB Héctor Santandreu 0-0: Ball
1-0: Foul Ball, location: 2F
1-1: Called Strike
1-2: Ball
2-2: Ball
3-2: Foul Ball, location: 2F
3-2: Ground out 5-3 (Groundball, 5L)
Top of the 9th over - 1 run(s), 1 hit(s), 0 error(s), 2 left on base; South Beach 2 - Alameda 4
Friday, December 30th, 2016 - OOTP Baseball 17.12 Build 75